 Dungeon Crawl Stone Soup version bcrawl-1.27.8b (webtiles) character file.

Game seed: 3455174299686784983

412804 yrara the Basher (level 10, -2/83 HPs)
             Began as a Demonspawn Fighter on Nov 12, 2020.
             Was an Initiate of Gozag.
             Slain by a centaur warrior skeleton (4 damage)
             ... on level 9 of the Dungeon.
             The game lasted 00:07:51 (7375 turns).

yrara the Basher (Demonspawn Fighter)               Turns: 7375, Time: 00:07:52

Health: -2/83      AC: 15    Str: 17    XL:     10   Next: 93%
Magic:  0/10       EV:  7    Int: 12    God:    Gozag
Gold:   320        SH:  0    Dex: 17    Spells: 9/9 levels left

rFire    . . .     SeeInvis .   s - +4 flail (venom)
rCold    . . .     Gourm    .   (no shield)
rNeg     . . .     Faith    .   j - +0 chain mail
rPois    .         Spirit   +   n - +0 helmet
rElec    .         Reflect  .   x - +0 cloak
rCorr    .         Harm     .   (no gloves)
MR       .....                  (no boots)
Stlth    ..........             i - amulet of regeneration (curse)
HPRegen  0.23/turn              D - +2 ring of slaying
MPRegen  0.24/turn              H - +3 ring of slaying

@: confused, gold aura
A: talons 2, iridescent scales 1, agile 1, clever 1, demonic guardian 1, magic
shield, magic regeneration, magic link
a: Potion Petition, Call Merchant, Bribe Branch, Renounce Religion


You were on level 9 of the Dungeon.
You worshipped Gozag.
Gozag was aware of your devotion.
You were not hungry.

You visited 2 branches of the dungeon, and saw 10 of its levels.

You collected 677 gold pieces.
You spent 207 gold pieces at shops.
You paid 150 gold pieces to Gozag.

Inventory:

Hand Weapons
 s - a +4 flail of venom (weapon)
Missiles
 l - 664 arrows
 t - 2 throwing nets {=f}
Armour
 b - a +0 scale mail
 c - a +0 medium shield
 j - a +0 chain mail (worn)
 n - a +0 helmet (worn)
 x - a +0 cloak (worn)
 J - a +0 pair of gloves
Jewellery
 f - an uncursed ring of protection from magic
 i - a cursed amulet of regeneration (around neck)
 q - a +6 ring of strength
 D - a +2 ring of slaying (left hand)
 H - a +3 ring of slaying (right hand)
Wands
 a - a wand of disintegration (27)
 d - a wand of clouds (5)
 w - a wand of acid (5)
 B - a wand of polymorph (16)
Scrolls
 g - a scroll of torment {unknown}
 o - a scroll of immolation {unknown}
 p - a scroll of fear
 r - 3 scrolls of teleportation
 y - a scroll of fog
 z - 2 scrolls of remove curse
Potions
 h - a potion of cancellation
 k - 2 potions of brilliance
 m - a potion of invisibility
 u - 2 potions of mutation
 A - a potion of magic {unknown}
 C - a potion of degeneration {unknown}
 E - a potion of heal wounds {unknown}
 F - 3 potions of agility
 G - a potion of ambrosia
Comestibles
 e - 9 rations {!d}


   Skills:
 + Level 9.0 Fighting
 * Level 11.0 Maces & Flails
 + Level 8.3 Armour
 - Level 2.6 Shields


You had 9 spell levels left.
You didn't know any spells.
Your spell library contained the following spells:

 Spells                   Type           Power        Failure   Level  Hunger
 Flame Tongue             Conj/Fire      #....        98%         1    None
 Flaming Arrows           Chrm/Fire      #.......     99%         2    ####...
 Conjure Flame            Conj/Fire      #.......     100%        3    #####..
 Inner Flame              Hex/Fire       N/A          100%        3    #####..
 Sticky Flame             Conj/Fire      #.......     100%        4    ######.
 Fireball                 Conj/Fire      #.........   100%        5    #######


Dungeon Overview and Level Annotations

Branches:
Dungeon (9/12)             Temple (1/1) D:7            Lair (0/6) D:7
    Orc: D:8-11

Altars:
Cheibriados
Dithmenos
Elyvilon
Fedhas
Gozag
Hepliaklqana
Lugonu
Makhleb
Okawaru
Qazlal
Ru
Sif Muna
Trog
Uskayaw
Vehumet
Wu Jian
Xom
Zin
The Shining One

Shops:
D:6 *

Annotations:
D:7 1 runed translucent door, Quickbrownfox's ghost, novice MiAc


Innate Abilities, Weirdness & Mutations

You have razor-sharp toenails.
You are partially covered in iridescent scales. (AC +2)
A weak demonic guardian rushes to your aid.
When hurt, damage is shared between your health and your magic reserves.
You regenerate magic rapidly.
When low on magic, you restore magic in place of health.
You are agile. (Dex +2)
Your mind is acute. (Int +2)


Message History

The wyvern bites you but does no damage.
The big kobold yells at you, "GO AWAY!"
Your ufetubus blinks!
You are confused.
You feel invigorated.
The centaur warrior skeleton closely misses you.
The wyvern bites you!
* * * LOW HITPOINT WARNING * * *
The shadow hits you.
Your iron imp hits the centaur warrior skeleton!
The wyvern bites you but does no damage.
The centaur warrior skeleton hits you but does no damage.
You're too confused to move!
The shadow hits you!
* * * LOW HITPOINT WARNING * * *
The wyvern bites you!
* * * LOW HITPOINT WARNING * * *
Your iron imp hits the centaur warrior skeleton!
The centaur warrior skeleton hits you.
You die...
Your body crumbles into a pile of gold.

>... ... ...#.# ...
...#..#.# ..## .
.#.#..#.# #######...#..
.#.#..#.###... ...[.....
.#^#..#.#...# #$W......
...##......#####@l..o...
#..##...........Z.......
#...##.........5.....$..
..[.[...#..^K.#..5..#...
..#.#...#.###.#h###h# ##
..#.....#.. ..#.. .#
.........^(#.....# h
#.#.###....#.###$#$ ##$
#..........#. .#


You could see a wyvern, a big kobold (fleeing), a shadow, 2 hounds, an orc
(fleeing), a jackal (fleeing), a centaur warrior skeleton, a friendly iron imp
and a friendly ufetubus.

Vanquished Creatures
  A hydra (D:7)
  A centaur warrior (D:9)
  3 death yaks (D:7)
  Maurice (D:8)
  A centaur skeleton (D:5)
  A hippogriff (D:6)
  4 yaks
  A hungry ghost (D:8)
  Menkaure (D:6)
  Duvessa (D:6)
  A porcupine (D:7)
  An orc warrior (D:7)
  A black bear (D:7)
  3 sky beasts
  2 ogres
  2 bullfrogs
  A scorpion (D:5)
  Dowan (D:6)
  3 killer bees (D:7)
  3 howler monkeys
  2 bullfrog zombies
  4 crimson imps
  3 hounds
  A centaur zombie (D:5)
  5 jellies
  An orc priest (D:3)
  6 orc wizards
  3 bullfrog skeletons
  An iguana (D:4)
  8 worker ants
  2 hell rats (D:7)
  Robin (D:3)
  3 gnolls (D:5)
  A river rat (D:7)
  7 adders
  A shadow imp (D:4)
  2 oozes (D:1)
  A worm (D:2)
  4 dart slugs
  5 leopard geckos
  17 orcs
  6 bats
  3 giant cockroaches
  4 goblins
  6 hobgoblins
  10 jackals
  4 kobolds
  6 quokkas
  2 frilled lizards
  2 quokka skeletons
  7 rats
161 creatures vanquished.

Vanquished Creatures (collateral kills)
  A hungry ghost (D:7)
  Edmund (D:6)
  A worker ant (D:2)
  A dart slug (D:2)
  2 orcs (D:6)
6 creatures vanquished.

Vanquished Creatures (others)
  An orc wizard (D:2)
  2 withered plants (D:7)
3 creatures vanquished.

Grand Total: 170 creatures vanquished

Notes
Turn   | Place    | Note
-------+----------+-------------------------------------------
     0 | D:1      | yrara the Demonspawn Fighter began the quest for the Orb.
     0 | D:1      | Reached XP level 1. HP: 18/18 MP: 1/1
    69 | D:1      | Reached skill level 2 in Maces & Flails
   116 | D:1      | Gained mutation: A weak demonic guardian rushes to your
                  | aid. [demonic ancestry]
   116 | D:1      | Reached XP level 2. HP: 21/24 MP: 2/2
   366 | D:1      | Reached XP level 3. HP: 22/29 MP: 3/3
  1162 | D:2      | Reached skill level 3 in Maces & Flails
  1162 | D:2      | Gained mutation: You have sharp toenails. [demonic
                  | ancestry]
  1162 | D:2      | Reached XP level 4. HP: 35/35 MP: 4/4
  1894 | D:3      | Reached XP level 5. HP: 11/42 MP: 5/5
  2060 | D:3      | Noticed Robin
  2069 | D:3      | Killed Robin
  2137 | D:3      | Found a faded altar of an unknown god.
  2581 | D:4      | Reached skill level 4 in Maces & Flails
  2771 | D:4      | Gained mutation: When hurt, damage is shared between your
                  | health and your magic reserves. [demonic ancestry]
  2771 | D:4      | Reached XP level 6. HP: 25/48 MP: 6/6
  2845 | D:4      | Found a corrupted altar of Lugonu.
  3571 | D:5      | Entered Level 5 of the Dungeon
  3633 | D:5      | Reached skill level 5 in Maces & Flails
  3663 | D:5      | Reached skill level 5 in Fighting
  3663 | D:5      | Gained mutation: You regenerate magic rapidly. [demonic
                  | ancestry]
  3663 | D:5      | Reached XP level 7. HP: 37/56 MP: 7/7
  3819 | D:5      | Noticed a yak
  3831 | D:5      | Killed a yak
  3831 | D:5      | Reached skill level 6 in Maces & Flails
  3831 | D:5      | Reached skill level 5 in Armour
  3958 | D:5      | Gained mutation: You have razor-sharp toenails. [demonic
                  | ancestry]
  3958 | D:5      | Reached XP level 8. HP: 63/63 MP: 8/8
  4493 | D:6      | Noticed Edmund
  4505 | D:6      | Killed Edmund
  4656 | D:6      | Noticed Duvessa
  4657 | D:6      | Noticed Dowan
  4668 | D:6      | Killed Dowan
  4668 | D:6      | Reached skill level 7 in Maces & Flails
  4676 | D:6      | Killed Duvessa
  4734 | D:6      | Found Efaprif's General Store.
  4794 | D:6      | Noticed a hippogriff
  4799 | D:6      | Killed a hippogriff
  4814 | D:6      | Found an iron altar of Okawaru.
  4815 | D:6      | Noticed Menkaure
  4874 | D:6      | Killed Menkaure
  4874 | D:6      | Gained mutation: You are partially covered in iridescent
                  | scales. (AC +2) [demonic ancestry]
  4874 | D:6      | Reached XP level 9. HP: 71/71 MP: 9/9
  5104 | D:7      | Reached skill level 8 in Maces & Flails
  5105 | D:7      | Gained mutation: Your mind is acute. (Int +2) [potion of
                  | mutation]
  5105 | D:7      | Gained mutation: You are agile. (Dex +2) [potion of
                  | mutation]
  5149 | D:7      | Noticed a death yak
  5156 | D:7      | Found a staircase to the Lair.
  5157 | D:7      | Noticed a death yak
  5191 | D:7      | Killed a death yak
  5238 | D:7      | Noticed a death yak
  5250 | D:7      | Killed a death yak
  5250 | D:7      | Reached skill level 9 in Maces & Flails
  5260 | D:7      | Killed a death yak
  5260 | D:7      | Gained mutation: When low on magic, you restore magic in
                  | place of health. [demonic ancestry]
  5260 | D:7      | Reached XP level 10. HP: 48/80 MP: 5/10
  5299 | D:7      | Identified the +1 leather armour "Xipoblup" {MR+++ MP+9
                  | Str-2 Stlth-}
  5346 | D:7      | Found a runed translucent door.
  5350 | D:7      | Noticed Quickbrownfox's ghost (novice MiAc)
  5458 | D:7      | Noticed a four-headed hydra
  5468 | D:7      | Killed a four-headed hydra
  5468 | D:7      | Reached skill level 10 in Maces & Flails
  6086 | D:7      | Found a staircase to the Ecumenical Temple.
  6273 | Temple   | Entered the Ecumenical Temple
  6484 | Temple   | Became a worshipper of Gozag Ym Sagoz the Greedy
  6523 | D:6      | Bought a +3 ring of slaying for 207 gold pieces
  7036 | D:8      | Noticed Maurice
  7045 | D:8      | Killed Maurice
  7361 | D:9      | Noticed a centaur warrior
  7372 | D:9      | Killed a centaur warrior
  7372 | D:9      | Reached skill level 11 in Maces & Flails
  7375 | D:9      | HP: 2/83 [wyvern (9)]
  7375 | D:9      | Slain by a centaur warrior skeleton

Skill      XL: |  1  2  3  4  5  6  7  8  9 10 |
---------------+-------------------------------+-----
Maces & Flails | 2 3 4 5 6 7 9 11 | 11.0
Armour         | 3 4 5 6 7 8 |  8.3
Fighting       | 4 5 6 7 9 |  9.0
Shields        | |  2.6

Action                   |  1- 3 |  4- 6 |  7- 9 | 10-12 || total
-------------------------+-------+-------+-------+-------++-------
Melee: Flail             |   114 |   240 |   181 |   116 ||   651
       Kick              |       |       |    63 |    50 ||   113
  Use: Scroll            |     1 |     4 |     6 |     4 ||    15
       Potion            |       |       |     2 |     1 ||     3
 Stab: Distracted        |       |       |       |     1 ||     1
  Eat: Chunk             |     4 |    16 |    11 |     4 ||    35
       Ration            |       |       |       |     3 ||     3
Armor: Scale mail        |    57 |    39 |       |       ||    96
       Chain mail        |       |   113 |    90 |    74 ||   277
Dodge: Dodged            |    63 |   105 |    60 |    44 ||   272
